 Dungeon Crawl Stone Soup version 0.30.0-17-ge0270778cf (webtiles) character file.

Game seed: 6895319619054023439

219 bmack86 the Chopper (level 5, -5/48 HPs)
             Began as a Minotaur Fighter on May 22, 2023.
             Slain by Grinder the chaos spawn (13 damage)
             ... on level 3 of the Dungeon.
             The game lasted 00:05:15 (1628 turns).

bmack86 the Chopper (Minotaur Fighter)              Turns: 1628, Time: 00:05:16

Health: -5/48      AC:  6    Str: 22    XL:     5   Next: 63%
Magic:  4/4        EV:  9    Int:  5    God:
Gold:   108        SH:  6    Dex: 22    Spells: 4/4 levels left

rFire   . . .        a - +0 war axe
rCold   . . .        c - +0 buckler
rNeg    . . .        b - +0 scale mail
rPois   .            (helmet restricted)
rElec   .            (no cloak)
rCorr   .            (no gloves)
SInv    .            (no boots)
Will    .....        (no amulet) Stlth
                     s - +6 ring of dexterity
HPRegen 0.28/turn    n - +6 ring of dexterity
MPRegen 0.09/turn

%: no passive effects
@: no status effects
A: horns 2, retaliatory headbutt
a: no special abilities


You were on level 3 of the Dungeon.
You visited 1 branch of the dungeon, and saw 3 of its levels.

You collected 108 gold pieces.

Inventory:

Hand Weapons
 a - a +0 war axe (weapon)
Missiles
 i - 3 throwing nets
Armour
 b - a +0 scale mail (worn)
 c - a +0 buckler (worn)
Jewellery
 j - a ring of resist corrosion
 n - a +6 ring of dexterity (right hand)
 s - a +6 ring of dexterity (left hand)
Wands
 o - a wand of polymorph (18) (quivered)
Scrolls
 e - 2 scrolls of teleportation
 f - 2 scrolls of vulnerability {unknown}
 g - a scroll of fear {unknown}
 m - a scroll of poison
 r - a scroll of enchant weapon {unknown}
Potions
 d - 3 potions of might
 h - a potion of attraction {unknown}
 k - 2 potions of flight {unknown}
 l - a potion of heal wounds {unknown}
 p - a potion of invisibility {unknown}
 q - a potion of curing {unknown}


   Skills:
 + Level 5.3 Fighting
 * Level 6.0 Axes
 - Level 3.6 Armour
 - Level 3.6 Shields
 + Level 0.2 Evocations


You had 4 spell levels left.
You didn't know any spells.
Your spell library contained the following spells:

 Spells                   Type           Power      Damage    Failure   Level
 Cigotuvi's Dreadful Rot  Necr/Pois/Air  0%         N/A       95%         2
 Ignite Poison            Fire/Tmut/Pois 0%         N/A       99%         3
 Freezing Cloud           Conj/Ice/Air   0%         6-21      100%        5


Dungeon Overview and Level Annotations

Branches:
Dungeon (3/15)

Altars:

Shops:
D:1 :

Annotations:
D:3 Grinder


Innate Abilities, Weirdness & Mutations

You have a pair of horns on your head.
You reflexively headbutt those who attack you in melee.


Message History

Found 3 stones.
The endoplasm freezes you.
You are frozen.
You hit the endoplasm.
The endoplasm is almost dead.
The endoplasm hits you but does no damage.
The endoplasm hits you.
You slash the endoplasm!
You kill the endoplasm!
You now have 108 gold pieces (gained 11).
HP restored.
Grinder comes into view.
Grinder shouts!
Grinder says, "FISH!"
Grinder gestures at you.
You barely resist.
Grinder evaporates and reforms as a chaos spawn!
Grinder resists with almost no effort.
You hit Grinder but do no damage. Grinder hits you but does no damage.
You hit Grinder but do no damage. Your headbutt misses Grinder.
You block Grinder's attack.
You barely miss Grinder. Grinder hits you! Grinder shocks you.
You barely miss Grinder. You headbutt Grinder.
Grinder is lightly wounded.
Grinder gores you but does no damage. You block Grinder's attack.
You slash Grinder! Your headbutt misses Grinder.
Grinder is heavily wounded.
Grinder gores you.
You are engulfed in flames!
You slash Grinder! Your headbutt misses Grinder.
Grinder is almost dead.
You block Grinder's attack.
You barely miss Grinder. Your headbutt misses Grinder.
Grinder is almost dead.
Grinder closely misses you.
You closely miss Grinder.
Grinder is almost dead.
Grinder hits you!
* * * LOW HITPOINT WARNING * * *
Grinder gores you!
You die...

....## #.#.#
#...#.# ###..#
#####.#.# #.#.#.#
##.######
#.....#.# ###.#.#
#......###.#####.#
#..(#.#
######..†...#....#
#.#<#.#
#####..#.####
#.#.#.#
#######..#.#
#.#.#.#
.........#.#
#.#.#.#
########.#@#
#.#.#.#
#.#.4....#...#.#
#.############.#
#..# #.# ##.## #.#
#..## #.# ##..#
#.# . ##†##### #.#
#. #.....# #.# ...


You could see Grinder the chaos spawn.

Vanquished Creatures
  A hound (D:3)
  Natasha (thrice) (D:2)
  A gnoll (D:1)
  5 adders
  A worm (D:2)
  A dart slug (D:3)
  2 orcs (D:3)
  3 ball pythons
  7 endoplasms
  A giant cockroach (D:1)
  3 goblins
  6 hobgoblins
  3 jackals (D:1)
  3 kobolds
  5 quokkas
  4 bats
  2 frilled lizards
  3 rats
54 creatures vanquished.

Notes
Turn   | Place    | Note
-------+----------+-------------------------------------------
     0 | D:1      | bmack86 the Minotaur Fighter began the quest for the Orb.
     0 | D:1      | Reached XP level 1. HP: 19/19 MP: 0/0
   134 | D:1      | Reached skill level 3 in Axes
   156 | D:1      | Reached XP level 2. HP: 27/27 MP: 1/1
   362 | D:1      | Reached XP level 3. HP: 31/33 MP: 2/2
   471 | D:1      | Found Fetiwucu's Book Emporium.
   700 | D:2      | Reached skill level 4 in Axes
   898 | D:2      | Noticed Natasha
   904 | D:2      | Killed Natasha
   905 | D:2      | Reached XP level 4. HP: 30/41 MP: 3/3
  1032 | D:2      | Noticed Natasha
  1039 | D:2      | Killed Natasha
  1040 | D:2      | Reached skill level 5 in Axes
  1209 | D:2      | Reached XP level 5. HP: 47/47 MP: 4/4
  1362 | D:2      | Noticed Natasha
  1367 | D:2      | Killed Natasha
  1368 | D:2      | Reached skill level 5 in Fighting
  1564 | D:3      | Reached skill level 6 in Axes
  1618 | D:3      | Noticed Grinder
  1619 | D:3      | Grinder changed into Grinder the chaos spawn
  1619 | D:3      | Noticed Grinder
  1628 | D:3      | Slain by Grinder the chaos spawn

Illustrated notes

Levels and vault maps discovered:
D:1:      ncdulo_halloftheorcs, layout_basic, serial_shops, shop,
          minmay_misc_feat_alley
D:2:      layout_loops_ring, serial_rivers, chequers_serial_rivers_micro_d,
          chequers_serial_rivers_small_a, chequers_serial_rivers_small_b,
          chequers_serial_rivers_room_b, chequers_serial_rivers_small_3,
          amethyst_killhole, dk_noncrumbling_4, uniq_natasha
D:3:      layout_basic, minmay_starry_boxes, uniq_grinder

Skill      XL: |  1  2  3  4  5 |
---------------+----------------+-----
Axes           | 3 4 5 6 |  6.0
Fighting       | 4 5 |  5.3
Armour         | |  3.6
Shields        | |  3.6
Evocations     | |  0.2

Action                     |  1- 3 |  4- 6 || total
---------------------------+-------+-------++-------
  Melee: War axe           |    54 |    52 ||   106
         Headbutt          |     8 |     7 ||    15
  Evoke: Wand              |       |     2 ||     2
    Use: Scroll            |       |     2 ||     2
 Armour: Scale mail        |    26 |    16 ||    42
  Dodge: Dodged            |    33 |    24 ||    57
  Block: Buckler           |    12 |    17 ||    29
